AoeStats
← Infernika

Hideout

503456134Analyzed
4v4 RM · 1mo ago on Aug 31, 2026· 58m 24s· 8 players
Game mode
Random Map
Map size
Large (8 player)
Population
200
Speed
Normal
Resources
Standard
Victory
Conquest
Starting age
Dark Age
Ending age
Imperial Age
RankedLock teamsTeams togetherTeam positionsShared explorationLock speedFull tech treeHidden civsTurbo modeCheats
Victory
Defeat
🇺🇸 Britons · United States
1218
+7
🇬🇧 Muisca · United Kingdom
1031
+15
🇺🇸 Persians · United States
976
+17
🇨🇦 Cumans · Canada
930
+20
🇬🇧 Vietnamese · United Kingdom
1017
-15
🇩🇪 Goths · Germany
1016
-15
🇧🇪 Berbers · Belgium
1014
-15
🇩🇪 Romans · Germany
987
-14
blankityblanko
7:53 Loom
10:34 Feudal Age
12:54 Double-Bit Axe
20:42 Castle Age
19:45 Fletching
19:55 Gold Mining
21:12 Crossbowman
22:17 Bow Saw
29:16 Ballistics
34:03 Thumb Ring
39:44 Imperial Age
37:53 Wheelbarrow
39:38 Bodkin Arrow
39:43 Padded Archer Armor
43:23 Hand Cart
42:54 Town Watch
43:43 Paper Money
44:00 Hoardings
44:24 Elite Rattan Archer
45:04 Horse Collar
46:32 Two-Man Saw
45:28 Stone Mining
45:51 Arbalester
46:49 Bracer
47:05 Leather Archer Armor
47:32 Fortified Wall
48:23 Chemistry
47:05 Treadmill Crane
Infernika
6:58 Loom
9:10 Feudal Age
10:40 Double-Bit Axe
13:28 Horse Collar
18:20 Castle Age
16:44 Gold Mining
18:10 Bloodlines
18:35 Stone Mining
19:32 Bow Saw
20:45 Forging
20:39 Husbandry
22:09 Wheelbarrow
22:15 Scale Barding Armor
25:09 Iron Casting
25:49 Chain Barding Armor
26:30 Town Watch
27:05 Heavy Plow
29:50 Hand Cart
29:40 Fletching
29:51 Padded Archer Armor
30:26 Town Patrol
31:13 Gold Shaft Mining
31:22 Bodkin Arrow
31:42 Leather Archer Armor
33:00 Kasbah
36:08 Imperial Age
34:53 Thumb Ring
35:49 Stone Shaft Mining
36:39 Ballistics
36:18 Murder Holes
36:36 Masonry
36:13 Cavalier
37:18 Conscription
37:16 Bracer
37:48 Ring Archer Armor
38:19 Blast Furnace
37:25 Treadmill Crane
37:39 Elite Genitour
39:07 Maghrebi Camels
38:36 Light Cavalry
39:22 Hussar
40:28 Elite Camel Archer
44:24 Plate Barding Armor
44:56 Chemistry
44:08 Siege Engineers
44:45 Hoardings
44:13 Kasbah
Spongo
0:28 Loom
12:09 Feudal Age
15:44 Fletching
22:26 Castle Age
20:56 Padded Archer Armor
23:33 Bodkin Arrow
23:54 Leather Archer Armor
23:34 Double-Bit Axe
23:34 Horse Collar
25:11 Pikeman
29:25 Bow Saw
29:54 Wheelbarrow
29:22 Heavy Plow
30:46 Man-at-Arms
31:29 Long Swordsman
33:32 Hand Cart
37:39 Imperial Age
35:20 Squires
35:36 Forging
35:26 Scale Mail Armor
37:44 Halberdier
37:45 Legionary
40:03 Elite Skirmisher
40:55 Imperial Skirmisher
44:24 Iron Casting
44:05 Chain Mail Armor
47:00 Blast Furnace
DonHog
2:59 Loom
12:04 Feudal Age
13:06 Double-Bit Axe
20:14 Castle Age
20:32 Fletching
20:43 Padded Archer Armor
20:34 Horse Collar
20:41 Town Watch
21:30 Elite Skirmisher
26:26 Bow Saw
31:11 Imperial Age
29:13 Heavy Plow
29:28 Forging
31:07 Pikeman
32:03 Squires
32:27 Conscription
33:30 Wheelbarrow
35:47 Anarchy
36:25 Perfusion
36:33 Halberdier
38:23 Hand Cart
41:09 Iron Casting
40:35 Scale Mail Armor
42:56 Blast Furnace
43:08 Elite Huskarl
45:01 Crop Rotation
45:35 Two-Man Saw
44:38 Town Patrol
45:50 Chain Mail Armor
49:50 Man-at-Arms
50:09 Long Swordsman
50:28 Two-Handed Swordsman
50:57 Champion
SgtSpookjohnson
13:01 Feudal Age
15:24 Loom
18:00 Double-Bit Axe
24:16 Castle Age
24:24 Bloodlines
30:21 Gold Mining
33:30 Imperial Age
34:44 Wheelbarrow
34:08 Stone Mining
35:01 Scale Barding Armor
35:07 Forging
37:33 Gold Shaft Mining
38:07 Iron Casting
37:27 Horse Collar
38:29 Heavy Plow
38:51 Bow Saw
39:18 Chain Barding Armor
41:48 Plate Barding Armor
42:13 Blast Furnace
41:39 Ballistics
42:29 Conscription
42:14 Steppe Husbandry
42:45 Hand Cart
43:37 Chemistry
43:13 Elite Steppe Lancer
44:26 Caravan
50:04 Crop Rotation
50:04 Fletching
51:14 Guilds
51:05 Capped Ram
53:40 Coinage
53:18 Squires
53:04 Arson
52:40 Man-at-Arms
52:41 Pikeman
53:48 Masonry
55:30 Light Cavalry
55:31 Cavalier
55:38 Heavy Cavalry Archer
56:44 Parthian Tactics
56:25 Thumb Ring
55:41 Crossbowman
55:42 Elite Skirmisher
55:51 Long Swordsman
55:52 Halberdier
56:31 Murder Holes
56:29 Heated Shot
56:29 Town Watch
57:19 Banking
56:48 Bodkin Arrow
56:54 Padded Archer Armor
56:55 Scale Mail Armor
57:40 Sanctity
57:31 Fervor
57:22 Atonement
57:37 Devotion
57:35 Herbal Medicine
58:09 Two-Handed Swordsman
59:08 Leather Archer Armor
59:09 Chain Mail Armor
59:13 Clinker Construction
59:14 Careening
REALMorphzilla
2:10 Loom
11:19 Feudal Age
11:54 Double-Bit Axe
12:15 Horse Collar
13:14 Wheelbarrow
19:59 Castle Age
18:47 Gold Mining
19:30 Forging
20:05 Scale Mail Armor
20:29 Heavy Plow
21:04 Bow Saw
21:01 Stone Mining
27:19 Hand Cart
26:52 Town Watch
27:36 Husbandry
27:47 Bloodlines
35:56 Imperial Age
36:19 Gold Shaft Mining
36:20 Stone Shaft Mining
35:36 Cavalier
37:02 Iron Casting
36:33 Scale Barding Armor
38:44 Blast Furnace
38:04 Savar
39:08 Chain Barding Armor
41:59 Plate Barding Armor
47:21 Fletching
47:32 Padded Archer Armor
47:45 Masonry
48:46 Hoardings
48:25 Citadels
48:55 Bodkin Arrow
49:16 Leather Archer Armor
49:16 Chain Mail Armor
49:46 Elite War Elephant
50:47 Conscription
58:22 Spies/Treason
Mongolito7366
6:31 Loom
8:57 Feudal Age
9:35 Double-Bit Axe
13:59 Fletching
15:20 Padded Archer Armor
17:43 Wheelbarrow
21:21 Castle Age
19:30 Horse Collar
19:43 Gold Mining
21:26 Crossbowman
22:03 Bodkin Arrow
22:22 Bow Saw
23:54 Ballistics
27:13 Hand Cart
32:41 Imperial Age
31:02 Leather Archer Armor
31:02 Heavy Plow
33:26 Bracer
34:28 Chemistry
32:50 Arbalester
35:47 Ring Archer Armor
36:03 Conscription
35:56 Elite Longbowman
38:27 Warwolf
38:43 Siege Engineers
40:45 Man-at-Arms
41:26 Squires
41:11 Gambesons
41:28 Scale Mail Armor
41:38 Forging
41:38 Long Swordsman
42:41 Arson
43:35 Yeomen
43:07 Two-Handed Swordsman
44:12 Chain Mail Armor
44:46 Pikeman
45:14 Halberdier
49:59 Masonry
51:38 Champion
56:16 Plate Mail Armor
56:22 Iron Casting
57:12 Spies/Treason
Chu Ko Who?
1:37 Loom
10:03 Feudal Age
13:10 Double-Bit Axe
20:29 Castle Age
21:15 Wheelbarrow
21:29 Fletching
24:22 Forging
25:06 Squires
26:22 Champi Runner
27:52 Scale Mail Armor
29:22 Horse Collar
29:35 Gold Mining
30:45 Heavy Plow
31:18 Ballistics
31:26 Fervor
31:36 Sanctity
32:12 Town Watch
36:20 Imperial Age
34:41 Hand Cart
36:45 Padded Archer Armor
36:53 Thumb Ring
36:09 Crossbowman
37:52 Illumination
38:04 Bodkin Arrow
38:32 Masonry
39:33 Block Printing
38:49 Pikeman
41:12 Bracer
41:59 Leather Archer Armor
42:25 Arbalester
44:23 Chemistry
44:33 Theocracy
45:16 Chain Mail Armor
45:50 Herbalism
46:36 Siege Engineers
47:41 Iron Casting
48:25 Plate Mail Armor
48:41 Champi Warrior
50:12 Crop Rotation
49:52 Bow Saw
50:21 Gold Shaft Mining
49:36 Stone Mining
50:07 Elite Skirmisher
50:33 Elite Champi Warrior
53:01 Two-Man Saw
54:00 Town Patrol
54:37 Treadmill Crane
56:49 Conscription
57:53 Spies/Treason
Connection lost

Rejoining the realm…

Still unreachable

The connection could not be restored.

Session expired

The server has moved on; the page needs a fresh start.